General information
- name: BNet
- type: Ladder team game (AT/RT)
- host: Battle.net
- saver: TIMG4STRok
map: RiverOfSouls
- players: 6
- length: 48:13
- speed: Fast
- version: 1.21 W3XP
- replay type:

» download(340 KB)
Players
team 1 (loser)
AngryNerd (
orange | 70 APM | 3392 actions | 48:13)
5 Keeper of the Grove
3 Entangling Roots
2 Thorns Aura
» actions
| Assign group hotkey | 65 | |
| Basic commands | 45 | |
| Build / train | 82 | |
| ESC pressed | 3 | |
| Enter build submenu | 18 | |
| Enter hero's abilities submenu | 5 | |
| Give item / drop item | 2 | |
| Remove unit from queue | 1 | |
| Right click | 1459 | |
| Select / deselect | 513 | |
| Select group hotkey | 1041 | |
| Use ability | 158 | |
3392 total
» units
| Wisp | 18 | |
| Huntress | 10 | |
| Glaive Thrower | 11 | |
| Hippogryph | 20 | |
59 total
» upgrades
| Ultravision | 1 | |
| Sentinel | 1 | |
| Strength of the Moon | 1 | |
| Vorpal Blades | 1 | |
| Strength of the Wild | 2 | |
| Reinforced Hides | 0 | |
| Nature's Blessing | 1 | |
| Druid of the Talon Training | 1 | |
8 total
» buildings
| Altar of Elders | 1 | |
| Moon Well | 8 | |
| Hunter's Hall | 1 | |
| Ancient of War | 2 | |
| Tree of Ages | 1 | |
| Tree of Eternity | 1 | |
| Ancient of Wind | 4 | |
| Ancient of Wonders | 1 | |
19 total
» build order
00:13 Altar of Elders
00:26 Moon Well
02:24 Hunter's Hall
02:31 Ancient of War
02:32 Ancient of War
03:03 Moon Well
05:00 Moon Well
07:46 Tree of Ages
09:57 Moon Well
10:20 Tree of Eternity
13:09 Ancient of Wind
14:04 Ancient of Wind
30:49 Ancient of Wonders
31:04 Moon Well
31:37 Ancient of Wind
31:40 Ancient of Wind
32:23 Moon Well
32:26 Moon Well
32:29 Moon Well
» items
| Staff of Teleportation | 1 | |
| Scroll of Town Portal | 4 | |
5 total
Rumor.Has.It (
red | 64 APM | 3087 actions | 48:13)
6 Priestess of the Moon
2 Searing Arrows
3 Trueshot Aura
1 Starfall
» actions
| Assign group hotkey | 31 | |
| Basic commands | 10 | |
| Build / train | 62 | |
| Enter build submenu | 18 | |
| Enter hero's abilities submenu | 6 | |
| Remove unit from queue | 5 | |
| Right click | 1843 | |
| Select / deselect | 490 | |
| Select group hotkey | 560 | |
| Use ability | 62 | |
3087 total
» units
| Wisp | 11 | |
| Huntress | 5 | |
| Glaive Thrower | 10 | |
| Hippogryph | 5 | |
| Archer | 3 | |
| Chimaera | 1 | |
35 total
» upgrades
| Strength of the Moon | 2 | |
| Moon Armor | 2 | |
| Vorpal Blades | 1 | |
| Hippogryph Taming | 1 | |
| Improved Bows | 1 | |
| Strength of the Wild | 1 | |
| Reinforced Hides | 1 | |
9 total
» buildings
| Altar of Elders | 1 | |
| Moon Well | 7 | |
| Hunter's Hall | 1 | |
| Ancient of War | 2 | |
| Tree of Ages | 1 | |
| Ancient of Wind | 2 | |
| Tree of Eternity | 1 | |
| Chimaera Roost | 5 | |
20 total
» build order
00:33 Altar of Elders
00:37 Moon Well
01:46 Hunter's Hall
02:10 Ancient of War
02:32 Ancient of War
02:44 Moon Well
03:05 Moon Well
03:08 Moon Well
07:01 Moon Well
10:46 Tree of Ages
16:59 Ancient of Wind
17:03 Ancient of Wind
17:16 Moon Well
22:03 Tree of Eternity
24:27 Chimaera Roost
24:29 Chimaera Roost
24:30 Chimaera Roost
24:33 Chimaera Roost
24:40 Moon Well
26:33 Chimaera Roost
» items
| Scroll of Town Portal | 2 | |
| Potion of Lesser Invulnerability | 2 | |
| Dust of Appearance | 1 | |
| Scroll of Protection | 2 | |
7 total
The_Toe008 (
green | 113 APM | 5432 actions | 48:13)
8 Death Knight
3 Death Coil
3 Unholy Aura
1 Death Pact
1 Animate Dead
6 Lich
3 Frost Nova
2 Frost Armor
1 Death and Decay
» actions
| Assign group hotkey | 478 | |
| Basic commands | 142 | |
| Build / train | 78 | |
| Enter build submenu | 18 | |
| Enter hero's abilities submenu | 14 | |
| Give item / drop item | 5 | |
| Remove unit from queue | 1 | |
| Right click | 2383 | |
| Select / deselect | 463 | |
| Select group hotkey | 1735 | |
| Use ability | 115 | |
5432 total
» units
| Acolyte | 2 | |
| Ghoul | 1 | |
| Crypt Fiend | 10 | |
| Frost Wyrm | 15 | |
28 total
» upgrades
| Creature Attack | 3 | |
| Web | 1 | |
| Burrow | 1 | |
| Creature Carapace | 1 | |
| Freezing Breath | 1 | |
7 total
» buildings
| Graveyard | 1 | |
| Crypt | 2 | |
| Ziggurat | 8 | |
| Altar of Darkness | 1 | |
| Tomb of Relics | 1 | |
| Nerubian Tower | 1 | |
| Halls of the Dead | 3 | |
| Black Citadel | 1 | |
| Sacrificial Pit | 1 | |
| Boneyard | 3 | |
| Spirit Tower | 1 | |
23 total
» build order
00:11 Graveyard
00:18 Crypt
00:22 Ziggurat
00:26 Altar of Darkness
00:52 Tomb of Relics
01:05 Ziggurat
02:08 Nerubian Tower
03:18 Crypt
03:54 Halls of the Dead
03:54 Halls of the Dead
03:56 Ziggurat
03:57 Ziggurat
05:21 Ziggurat
06:10 Ziggurat
06:34 Black Citadel
07:11 Sacrificial Pit
08:26 Ziggurat
08:28 Ziggurat
09:56 Boneyard
09:57 Boneyard
10:00 Boneyard
27:57 Spirit Tower
» items
| Rod of Necromancy | 1 | |
| Dust of Appearance | 4 | |
| Scroll of Healing | 3 | |
| Orb of Corruption | 1 | |
| Scroll of Town Portal | 2 | |
| Scroll of Protection | 1 | |
12 total
team 2 (winner)
Gobiner (
blue | 50 APM | 2405 actions | 48:13)
6 Blademaster
3 Wind Walk
2 Critical Strike
1 Bladestorm
» actions
| Assign group hotkey | 18 | |
| Basic commands | 32 | |
| Build / train | 86 | |
| ESC pressed | 4 | |
| Enter build submenu | 80 | |
| Enter hero's abilities submenu | 6 | |
| Give item / drop item | 3 | |
| Right click | 1036 | |
| Select / deselect | 301 | |
| Select group hotkey | 523 | |
| Use ability | 316 | |
2405 total
» units
» upgrades
| Liquid Fire | 1 | |
| Ranged Weapons | 3 | |
| Armor | 2 | |
| Reinforced Defenses | 1 | |
7 total
» buildings
| Altar of Storms | 2 | |
| Orc Burrow | 8 | |
| War Mill | 2 | |
| Watch Tower | 58 | |
| Voodoo Lounge | 2 | |
| Stronghold | 4 | |
| Fortress | 1 | |
| Beastiary | 4 | |
81 total
» build order
00:08 Altar of Storms
00:16 Orc Burrow
00:26 War Mill
01:40 Watch Tower
01:57 Watch Tower
02:25 Watch Tower
02:34 Orc Burrow
02:42 Watch Tower
02:48 Watch Tower
03:08 Watch Tower
03:19 Watch Tower
03:57 Watch Tower
03:59 Watch Tower
04:08 Watch Tower
04:40 Watch Tower
04:41 Watch Tower
05:04 Watch Tower
05:05 Watch Tower
05:13 Voodoo Lounge
05:24 Stronghold
05:24 Stronghold
05:24 Stronghold
05:25 Stronghold
05:45 Watch Tower
05:46 Watch Tower
05:48 Watch Tower
05:49 Watch Tower
06:12 Watch Tower
06:14 Watch Tower
06:26 Watch Tower
07:34 Watch Tower
07:35 Watch Tower
07:49 Fortress
08:15 Voodoo Lounge
08:35 Watch Tower
08:40 Watch Tower
08:42 Watch Tower
09:13 Beastiary
09:19 Watch Tower
09:36 Beastiary
09:46 Watch Tower
09:54 Watch Tower
09:56 Watch Tower
11:01 Watch Tower
11:07 Watch Tower
11:09 Watch Tower
11:16 Watch Tower
11:41 Orc Burrow
11:42 Orc Burrow
12:13 Watch Tower
13:24 Watch Tower
13:25 Watch Tower
16:37 Watch Tower
17:02 Watch Tower
17:04 Watch Tower
18:17 Watch Tower
19:43 Watch Tower
20:48 Watch Tower
20:49 Watch Tower
21:02 Watch Tower
21:27 Watch Tower
22:09 Watch Tower
22:11 Watch Tower
22:26 Watch Tower
22:34 Watch Tower
22:39 Watch Tower
23:31 Watch Tower
23:46 Watch Tower
24:34 Watch Tower
24:35 Watch Tower
24:36 Watch Tower
24:39 Watch Tower
24:42 Watch Tower
26:42 Beastiary
27:38 Beastiary
28:50 War Mill
32:01 Altar of Storms
32:04 Orc Burrow
32:06 Orc Burrow
32:06 Orc Burrow
32:06 Orc Burrow
» items
| Lesser Clarity Potion | 6 | |
| Healing Salve | 2 | |
| Scroll of Speed | 1 | |
| Staff of Teleportation | 4 | |
| Boots of Speed | 5 | |
| Orb of Lightning | 1 | |
| Potion of Mana | 2 | |
| Potion of Healing | 3 | |
| Potion of Lesser Invulnerability | 2 | |
26 total
Iceberg-Slim (
yellow | 114 APM | 5478 actions | 48:13)
5 Keeper of the Grove
3 Entangling Roots
2 Force of Nature
5 Pandaren Brewmaster
3 Breath of Fire
2 Drunken Haze
» actions
| Assign group hotkey | 13 | |
| Basic commands | 144 | |
| Build / train | 92 | |
| ESC pressed | 4 | |
| Enter build submenu | 24 | |
| Enter hero's abilities submenu | 11 | |
| Give item / drop item | 6 | |
| Remove unit from queue | 1 | |
| Right click | 2555 | |
| Select / deselect | 690 | |
| Select group hotkey | 1791 | |
| Use ability | 145 | |
5478 total
» units
» upgrades
| Nature's Blessing | 1 | |
| Strength of the Wild | 2 | |
| Reinforced Hides | 2 | |
| Well Spring | 1 | |
| Corrosive Breath | 1 | |
| Ultravision | 1 | |
8 total
» buildings
| Altar of Elders | 1 | |
| Moon Well | 9 | |
| Tree of Life | 1 | |
| Hunter's Hall | 2 | |
| Tree of Ages | 2 | |
| Ancient Protector | 2 | |
| Ancient of Wind | 2 | |
| Tree of Eternity | 1 | |
| Chimaera Roost | 4 | |
| Ancient of Wonders | 1 | |
25 total
» build order
00:05 Altar of Elders
00:25 Moon Well
00:55 Moon Well
03:47 Tree of Life
05:05 Hunter's Hall
05:36 Moon Well
05:42 Tree of Ages
05:42 Tree of Ages
06:11 Ancient Protector
06:26 Hunter's Hall
07:36 Ancient Protector
08:06 Ancient of Wind
08:35 Moon Well
08:48 Ancient of Wind
09:18 Tree of Eternity
11:45 Chimaera Roost
11:48 Chimaera Roost
13:57 Ancient of Wonders
17:45 Moon Well
20:29 Moon Well
22:11 Moon Well
23:36 Chimaera Roost
25:20 Chimaera Roost
29:04 Moon Well
30:01 Moon Well
» items
| Boots of Speed | 2 | |
| Staff of Teleportation | 2 | |
| Healing Salve | 3 | |
| Lesser Clarity Potion | 1 | |
| Orb of Venom | 1 | |
| Dust of Appearance | 1 | |
| Scroll of Town Portal | 4 | |
| Scroll of Speed | 3 | |
17 total
TIMG4STRok (
purple | 99 APM | 4799 actions | 48:13)
5 Archmage
3 Blizzard
2 Brilliance Aura
3 Pandaren Brewmaster
2 Breath of Fire
1 Drunken Brawler
» actions
| Assign group hotkey | 11 | |
| Basic commands | 156 | |
| Build / train | 140 | |
| ESC pressed | 1 | |
| Enter build submenu | 95 | |
| Enter hero's abilities submenu | 8 | |
| Give item / drop item | 3 | |
| Right click | 2110 | |
| Select / deselect | 415 | |
| Select group hotkey | 1469 | |
| Use ability | 391 | |
4799 total
» units
| Peasant | 31 | |
| Dragonhawk Rider | 8 | |
| Sorceress | 1 | |
40 total
» upgrades
| Masonry | 3 | |
| Magic Sentry | 1 | |
| Armor | 3 | |
| Swords | 2 | |
| Animal War Training | 1 | |
| Cloud | 1 | |
| Sorceress Training | 1 | |
12 total
» buildings
| Lumber Mill | 1 | |
| Altar of Kings | 1 | |
| Farm | 8 | |
| Scout Tower | 99 | |
| Arcane Tower | 2 | |
| Guard Tower | 49 | |
| Town Hall | 1 | |
| Keep | 1 | |
| Arcane Sanctum | 1 | |
| Gryphon Aviary | 2 | |
| Arcane Vault | 1 | |
| Barracks | 1 | |
| Castle | 1 | |
| Blacksmith | 1 | |
169 total
» build order
00:16 Lumber Mill
00:44 Altar of Kings
00:45 Farm
01:24 Scout Tower
01:50 Scout Tower
01:52 Arcane Tower
01:54 Scout Tower
01:56 Scout Tower
01:59 Farm
02:18 Guard Tower
02:22 Scout Tower
02:24 Guard Tower
02:32 Guard Tower
02:59 Guard Tower
03:08 Scout Tower
03:11 Scout Tower
03:22 Scout Tower
03:44 Guard Tower
03:46 Scout Tower
03:48 Guard Tower
03:51 Guard Tower
04:07 Scout Tower
04:08 Scout Tower
04:09 Scout Tower
04:11 Scout Tower
04:14 Scout Tower
04:15 Scout Tower
04:16 Guard Tower
04:41 Guard Tower
04:49 Guard Tower
05:10 Guard Tower
05:15 Guard Tower
05:25 Scout Tower
05:26 Scout Tower
05:36 Scout Tower
05:37 Scout Tower
05:39 Scout Tower
05:40 Scout Tower
07:22 Guard Tower
07:31 Town Hall
07:33 Guard Tower
08:40 Scout Tower
08:41 Scout Tower
09:04 Scout Tower
09:04 Scout Tower
09:05 Scout Tower
09:06 Scout Tower
09:07 Scout Tower
09:14 Guard Tower
09:16 Scout Tower
09:17 Scout Tower
09:51 Guard Tower
09:58 Scout Tower
09:58 Scout Tower
10:00 Scout Tower
10:00 Scout Tower
10:13 Guard Tower
10:14 Keep
10:52 Guard Tower
10:59 Guard Tower
11:02 Scout Tower
11:03 Scout Tower
11:04 Guard Tower
11:37 Scout Tower
11:38 Scout Tower
11:38 Scout Tower
11:51 Guard Tower
12:22 Scout Tower
12:23 Scout Tower
12:25 Guard Tower
12:29 Scout Tower
12:34 Scout Tower
12:36 Scout Tower
12:43 Arcane Sanctum
12:56 Guard Tower
12:59 Scout Tower
12:59 Scout Tower
13:03 Guard Tower
13:10 Guard Tower
13:33 Guard Tower
13:36 Scout Tower
13:37 Scout Tower
13:39 Scout Tower
13:40 Scout Tower
14:15 Guard Tower
14:31 Guard Tower
14:33 Guard Tower
14:36 Scout Tower
14:36 Scout Tower
15:13 Scout Tower
15:14 Guard Tower
15:36 Guard Tower
15:39 Scout Tower
15:40 Scout Tower
16:30 Guard Tower
16:47 Guard Tower
16:51 Scout Tower
16:51 Scout Tower
16:53 Scout Tower
18:16 Guard Tower
18:17 Scout Tower
18:18 Scout Tower
18:34 Scout Tower
18:34 Scout Tower
18:35 Scout Tower
18:36 Scout Tower
19:11 Scout Tower
19:12 Scout Tower
19:13 Scout Tower
19:13 Scout Tower
19:14 Scout Tower
19:14 Scout Tower
19:17 Guard Tower
19:18 Scout Tower
19:19 Scout Tower
19:20 Scout Tower
19:20 Scout Tower
19:23 Guard Tower
20:06 Guard Tower
20:12 Guard Tower
20:53 Guard Tower
20:54 Scout Tower
20:55 Scout Tower
20:58 Gryphon Aviary
20:59 Gryphon Aviary
21:04 Farm
21:04 Farm
21:05 Farm
21:05 Farm
21:06 Farm
21:06 Farm
21:08 Arcane Vault
21:12 Barracks
21:15 Guard Tower
21:17 Scout Tower
21:18 Scout Tower
21:24 Guard Tower
21:27 Scout Tower
21:29 Scout Tower
21:30 Scout Tower
21:30 Scout Tower
21:31 Scout Tower
21:32 Scout Tower
22:29 Guard Tower
22:42 Castle
22:45 Blacksmith
22:47 Scout Tower
22:47 Scout Tower
22:48 Scout Tower
23:17 Guard Tower
23:27 Guard Tower
23:45 Guard Tower
24:35 Guard Tower
25:17 Scout Tower
25:18 Scout Tower
25:19 Scout Tower
25:20 Scout Tower
25:21 Scout Tower
25:21 Scout Tower
25:22 Scout Tower
25:23 Scout Tower
27:13 Guard Tower
27:22 Guard Tower
29:26 Scout Tower
29:27 Scout Tower
29:28 Scout Tower
31:04 Guard Tower
38:45 Scout Tower
42:05 Arcane Tower
» items
| Boots of Speed | 3 | |
| Potion of Healing | 4 | |
| Healing Salve | 3 | |
| Lesser Clarity Potion | 2 | |
| Orb of Lightning | 2 | |
| Potion of Mana | 1 | |
| Scroll of Town Portal | 4 | |
| Staff of Teleportation | 2 | |
| Staff of Sanctuary | 2 | |
23 total
Chat log
(00:20 / All) Gobiner: garg feed is real cool
(00:29 / All) The_Toe008: i kno
(00:32 / All) AngryNerd: shut up asscliown
(01:24 / All) AngryNerd: ur not nearly gud enuff to pull that off kiddie
(01:34 / All) TIMG4STRok: huh
(01:39 / All) AngryNerd: fuk u
(01:40 / All) AngryNerd: alt qq
(01:41 / All) TIMG4STRok: ?
(01:43 / All) AngryNerd: save tyme
(01:48 / All) Iceberg-Slim: waste time
(04:37 / All) TIMG4STRok: gj
(04:43 / All) Iceberg-Slim: nt kiddo
(04:48 / All) AngryNerd: u tangled..
(04:51 / All) AngryNerd: and think ur gud?
(05:22 / All) TIMG4STRok: rofl you guys doing shit job at denying exp
(05:33 / All) TIMG4STRok: let me kill skeletons thanks, almost level 2
(05:43 / All) The_Toe008: skeletons?
(05:49 / All) The_Toe008: you dint kill one
(05:50 / All) TIMG4STRok: kotg too : - P
(05:51 / All) The_Toe008: idiot
(06:01 / All) The_Toe008: thats tower kill dumb fuck
(11:47 / All) TIMG4STRok: nice gj
(29:47 / All) TIMG4STRok: huh
(29:49 / All) TIMG4STRok: gl hf
(30:28 / All) TIMG4STRok: ??? all quiet on the noob front
(31:34 / All) Iceberg-Slim: ty
(31:36 / All) Iceberg-Slim: for free siege
(31:39 / All) TIMG4STRok: guys question where your base LOL
(31:48 / All) TIMG4STRok: answer dont be bad dont be bad manner
(31:52 / All) TIMG4STRok: maybe you win a game or 2
(32:06 / All) AngryNerd: talk 2 much?
(33:51 / All) Gobiner: you guys watchin sweden v. spain?
(34:03 / All) The_Toe008: ye
(34:05 / All) Gobiner: its lookin good right now
(34:08 / All) Gobiner: spain has good offense
(36:31 / Allies) Gobiner: I'm rooting for sweden because they're whiter
(36:49 / All) Gobiner: I'm rooting for sweden because they're whiter
(37:08 / All) Gobiner: I never root for nations that aren't white
(38:04 / All) Gobiner: torres is pretty good though
(38:10 / All) The_Toe008: GHOAL
(38:23 / All) Gobiner: GOOOOOOOOOOOOOOOOOOOOOOOOAAAAAAAAAAAAAAAAAALLLLLLLLL
(38:57 / All) Gobiner: told you spain had good offense
(45:34 / All) TIMG4STRok: gg trash
(47:53 / All) TIMG4STRok: why quiet
(48:03 / All) Iceberg-Slim: gg
(48:05 / All) Iceberg-Slim: you arent good enough